Map: Oceanborn LE

Players

DKZJieShi (Jieshi)

  • Race: Protoss Protoss
  • Spawn Location: 5:00

DRG - Winner!

  • Race: Zerg Zerg
  • Spawn Location: 11:00

Event: IEM Katowice 2024

VOD

Have the link to the VOD?

Description

Time

  • Played on: Dec. 5, 2023, 4:48 a.m.
  • Length: 10:57

All games in this series

Show
View Real Time Build Order
Export as new Build Order

DKZJieShi Protoss 

Build Orders: 1 Gate Expand, Oracle Opening 

Get SALT Encoding   

  12  0:00  Probe  
  13  0:12  Probe  
  14  0:19  Pylon  
  14  0:25  Probe (Chrono Boost)  
  15  0:38  Probe (Chrono Boost)  
  15  0:40  Gateway  
  16  0:45  Probe (Chrono Boost)  
  17  0:51  Assimilator  
  17  0:52  Probe  
  19  1:04  Probe  
  19  1:16  Probe  
  20  1:26  Nexus  
  20  1:35  Cybernetics Core  
  20  1:38  Probe  
  21  1:43  Assimilator  
  21  1:50  Probe  
  21  1:53  Pylon  
  22  2:02  Probe (Chrono Boost)  
  23  2:11  Adept  
  23  2:14  Probe (Chrono Boost)  
  26  2:17  Stargate  
  27  2:22  Probe (Chrono Boost)  
  27  2:26  Warp Gate  
  27  2:29  Probe (Chrono Boost)  
  28  2:38  Probe (Chrono Boost)  
  28  2:41  Adept  
  32  2:46  Probe (Chrono Boost)  
  32  2:47  Probe (Chrono Boost)  
  33  2:52  Probe x2 (Chrono Boost)  
  35  3:04  Probe  
  35  3:05  Probe  
  41  3:08  Void Ray (Chrono Boost)  
  41  3:11  Pylon  
  41  3:16  Probe  
  41  3:17  Probe  
  43  3:28  Probe  
  43  3:29  Gateway, Probe  
  45  3:35  Oracle (Chrono Boost)  
  45  3:40  Probe  
  45  3:41  Probe  
  50  3:52  Nexus  
  50  3:54  Pylon  
  50  3:57  Probe x2  
  52  4:04  Pylon  
  52  4:09  Probe x2  
  54  4:10  Oracle (Chrono Boost)  
  54  4:13  Shield Battery  
  54  4:17  Pylon  
  57  4:21  Probe  
  57  4:22  Probe  
  59  4:25  Assimilator  
  59  4:27  Assimilator  
  59  4:28  Twilight Council  
  59  4:33  Probe  
  59  4:34  Probe  
  59  4:37  Forge  
  61  4:45  Probe  
  62  4:46  Probe  
  63  4:55  Gateway  
  63  4:56  Gateway  
  63  4:57  Probe  
  63  4:58  Probe (Chrono Boost)  
  65  5:00  Robotics Facility  
  65  5:02  Blink  
  65  5:08  Protoss Ground Weapons Level 1 (Chrono Boost)  
  65  5:09  Probe (Chrono Boost)  
  68  5:15  Probe (Chrono Boost)  
  68  5:16  Probe (Chrono Boost)  
  68  5:19  Probe (Chrono Boost)  
  69  5:23  Probe x2 (Chrono Boost)  
  69  5:25  Stalker x2  
  69  5:27  Probe  
  76  5:28  Photon Cannon  
  76  5:33  Probe  
  76  5:34  Probe  
  78  5:39  Pylon  
  78  5:40  Probe  
  79  5:46  Probe  
  80  5:54  Stalker  
  80  5:55  Probe, Stalker x3  
  90  5:57  Observer  
  90  6:01  Assimilator, Robotics Bay  
  90  6:05  Assimilator  
  88  6:14  Probe  
  88  6:16  Warp Prism (Chrono Boost)  
  89  6:18  Stalker x2  
  95  6:28  Probe  
  95  6:32  Nexus, Robotics Facility  
  96  6:33  Pylon  
  96  6:34  Gateway  
  96  6:35  Gateway  
  96  6:38  Pylon  
  96  6:40  Stalker x2  
  96  6:46  Stalker  
  98  6:47  Stalker  
  98  6:50  Pylon  
  98  6:53  Colossus (Chrono Boost)  
  98  6:54  Nexus  
  98  7:13  Stalker  
  98  7:14  Stalker x2  
  98  7:15  Stalker  
  106  7:16  Probe  
  106  7:19  Gateway  
  106  7:20  Gateway  
  107  7:30  Colossus (Chrono Boost)  
  107  7:35  Pylon  
  107  7:36  Photon Cannon  
  113  7:38  Probe  
  113  7:39  Shield Battery  
  113  7:40  Extended Thermal Lance (Chrono Boost)  
  114  7:45  Stalker  
  114  7:47  Pylon  
  114  7:49  Protoss Ground Weapons Level 2 (Chrono Boost)  
  114  7:50  Pylon  
  114  7:51  Colossus (Chrono Boost)  
  116  7:53  Pylon  
  122  7:59  Photon Cannon  
  122  8:00  Shield Battery  
  122  8:01  Stalker  
  124  8:08  Pylon  
  124  8:09  Stalker  
  124  8:10  Stalker x2  
  130  8:13  Photon Cannon  
  130  8:17  Pylon  
  130  8:20  Photon Cannon  
  130  8:21  Colossus (Chrono Boost)  
  136  8:30  Stalker x2  
  139  8:41  Stalker x3  
  139  8:44  Stalker x2  
  139  8:47  Probe x2  
  144  8:55  Photon Cannon  
  144  8:59  Shield Battery, Stalker x3  
  150  9:06  Templar Archives  
  150  9:11  Stalker x2  
  150  9:12  Stalker  
  150  9:16  Pylon  
  156  9:21  Stalker x2  
  158  9:25  Probe x2  
  158  9:26  Stalker  
  147  9:42  Probe x2 (Chrono Boost)  
  147  9:44  High Templar x2, Probe (Chrono Boost)  
  154  9:48  Archon  
  154  9:50  Photon Cannon  
  154  9:51  Shield Battery, Stalker  
  156  9:54  Probe (Chrono Boost)  
  156  9:55  Probe x2 (Chrono Boost)  
  153  10:00  Stalker x3  
  153  10:03  Probe  
  110  10:14  Probe  
  110  10:15  Probe  
  94  10:24  High Templar  
  94  10:25  High Templar  
  94  10:26  Stalker x5  
  104  10:30  Archon  
  104  10:35  Gateway  
  104  10:37  Gateway  
Show
View Real Time Build Order
Export as new Build Order

DRG Zerg - Winner!

Build Orders: Hatch First 

Get SALT Encoding   

  12  0:00  Drone  
  13  0:11  Overlord  
  13  0:17  Drone  
  14  0:30  Drone x2  
  14  0:33  Drone  
  17  0:51  Hatchery  
  17  0:54  Drone  
  17  0:57  Drone  
  18  1:05  Drone  
  18  1:08  Extractor  
  18  1:15  Spawning Pool  
  18  1:18  Drone  
  18  1:27  Drone  
  19  1:38  Drone  
  20  1:48  Drone  
  21  1:59  Overlord  
  21  2:02  Queen  
  21  2:03  Queen  
  21  2:04  Drone  
  26  2:10  Zergling x2  
  26  2:11  Metabolic Boost  
  26  2:15  Zergling x2  
  28  2:21  Drone  
  29  2:26  Zergling x2  
  30  2:31  Drone  
  30  2:37  Drone  
  32  2:39  Queen  
  32  2:43  Hatchery  
  33  2:48  Overlord  
  33  2:50  Drone  
  34  2:56  Drone  
  34  2:57  Overlord  
  35  3:06  Queen  
  35  3:11  Drone  
  35  3:12  Drone x3  
  41  3:17  Queen  
  43  3:23  Overlord  
  43  3:25  Drone x2  
  45  3:30  Drone x2  
  45  3:33  Overlord  
  47  3:38  Drone  
  47  3:43  Drone x2  
  47  3:44  Drone x2  
  47  3:46  Queen  
  53  3:53  Drone, Spore Crawler  
  53  3:56  Drone, Spore Crawler  
  53  4:01  Drone x3  
  56  4:05  Drone  
  56  4:07  Drone  
  56  4:09  Drone x2  
  60  4:14  Drone  
  60  4:15  Evolution Chamber  
  60  4:19  Zergling x4  
  60  4:24  Drone x3  
  65  4:25  Drone  
  65  4:27  Overlord  
  65  4:28  Overlord  
  66  4:32  Overlord  
  66  4:34  Drone  
  66  4:37  Overlord  
  65  4:40  Drone, Spore Crawler  
  65  4:42  Zerg Melee Weapons Level 1  
  65  4:45  Drone  
  65  4:46  Drone x3  
  65  4:49  Drone x2  
  65  4:51  Drone  
  72  4:54  Drone  
  72  4:58  Drone  
  72  4:59  Drone x2  
  76  5:01  Drone  
  77  5:08  Lair  
  77  5:09  Zergling x4  
  77  5:11  Roach Warren  
  77  5:12  Drone  
  77  5:13  Drone x3  
  82  5:14  Drone x2  
  82  5:15  Drone  
  84  5:21  Extractor  
  84  5:22  Extractor  
  84  5:23  Drone x2  
  84  5:28  Drone x4  
  88  5:31  Overlord  
  88  5:33  Extractor  
  87  5:35  Overlord  
  87  5:36  Extractor, Hatchery  
  87  5:38  Zergling x8  
  87  5:39  Extractor  
  87  5:42  Overlord  
  88  5:48  Overlord  
  87  5:51  Drone x4  
  91  5:58  Overlord  
  91  6:00  Drone  
  92  6:06  Zergling x16  
  92  6:11  Glial Reconstitution  
  98  6:15  Spire  
  98  6:16  Roach x4  
  105  6:26  Overlord x2  
  105  6:31  Hatchery  
  103  6:39  Zerg Melee Weapons Level 2  
  102  6:41  Drone x12  
  102  6:44  Overlord  
  113  6:52  Zergling x6  
  114  6:55  Overlord  
  114  6:59  Zergling x6  
  113  7:02  Extractor  
  113  7:03  Extractor  
  113  7:04  Roach x3  
  113  7:07  Roach  
  115  7:10  Roach x5  
  115  7:11  Spore Crawler  
  115  7:14  Roach  
  115  7:15  Roach x2  
  124  7:20  Zergling x4  
  124  7:22  Overlord  
  126  7:23  Roach  
  126  7:24  Roach x2  
  132  7:31  Zerg Flyer Weapons Level 1  
  132  7:32  Zergling x4  
  134  7:37  Zergling x4  
  134  7:42  Overlord  
  135  7:51  Mutalisk x11  
  134  7:53  Overseer  
  156  7:59  Mutalisk, Extractor  
  156  8:00  Extractor  
  156  8:02  Zergling x6  
  159  8:07  Mutalisk x2  
  159  8:11  Drone x4  
  159  8:12  Drone x2  
  169  8:17  Mutalisk x2  
  169  8:19  Zergling x2  
  180  8:20  Zergling x16  
  180  8:26  Overlord  
  182  8:32  Mutalisk x3  
  186  8:38  Mutalisk x2  
  188  8:49  Mutalisk x2  
  188  8:50  Zergling x2  
  188  8:51  Zergling x12  
  188  8:54  Pneumatized Carapace  
  199  8:56  Overseer  
  199  9:00  Zerg Ground Armor Level 1  
  199  9:09  Mutalisk  
  193  9:10  Mutalisk x2  
  193  9:16  Baneling Nest  
  194  9:31  Mutalisk  
  194  9:32  Mutalisk x2  
  198  9:39  Mutalisk  
  195  10:01  Mutalisk x6  
  195  10:05  Zergling x16  
  195  10:10  Mutalisk  
  195  10:11  Mutalisk x3  
  181  10:16  Zergling x24  
  180  10:21  Zergling x2  
  180  10:22  Zergling x26  
  194  10:30  Mutalisk x2  
  194  10:32  Zergling x2  

Tags
 
Add a new tag
Caveats
  • Supply blocks, unpowered buildings, or Contaminate may cause inaccurate times.
  • Supply counts are checked every 10 seconds.